 Dungeon Crawl Stone Soup version 0.20.1-1-g8b1a95d (webtiles) character file.

44 Jaijjee the Caller (level 3, 0/19 HPs)
             Began as a Deep Elf Summoner on Sept 25, 2017.
             Slain by a sky beast (4 damage)
             ... on level 7 of the Dungeon.
             The game lasted 00:08:13 (1842 turns).

Jaijjee the Caller (Deep Elf Summoner)              Turns: 1842, Time: 00:08:13

Health: 0/19       AC:  3    Str:  6    XL:     3   Next: 41%
Magic:  8/10       EV: 13    Int: 19    God:
Gold:   145        SH:  0    Dex: 15    Spells: 6/10 levels left

rFire    . . .     SeeInvis .   (no weapon)
rCold    . . .     Gourm    .   (no shield)
rNeg     . . .     Faith    .   a - +0 robe
rPois    .         Spirit   .   (no helmet)
rElec    .         Reflect  .   (no cloak)
rCorr    .         Harm     .   l - +0 pair of gloves
MR       .....                  (no boots)
Stlth    ++........             (no amulet)
Regen    0.1/turn               (no ring)
MPRegen  0.2/turn               (no ring)

@: no status effects
A: no striking features
a: no special abilities


You were on level 7 of the Dungeon.
You were very hungry.

You visited 1 branch of the dungeon, and saw 6 of its levels.

You collected 145 gold pieces.

Inventory:

Missiles
 e - 25 poisoned needles
Armour
 a - a +0 robe (worn)
 l - a +0 pair of gloves (worn)
Jewellery
 n - a +5 amulet of reflection {unknown}
Scrolls
 i - a scroll of immolation {unknown}
 m - a scroll of recharging {unknown}
 o - 2 scrolls of teleportation
 p - a scroll of random uselessness {unknown}
 r - a scroll of identify {unknown}
Potions
 d - a potion of berserk rage {unknown}
 f - a potion of brilliance {unknown}
 j - 3 potions of curing
Books
 b - a book of Callings

   Spells                             Type                      Level
   a - Summon Small Mammal            Summoning                    1
   b - Call Imp                       Summoning                    2
   c - Call Canine Familiar           Summoning                    3
   d - Summon Guardian Golem          Hexes/Summoning              3
   e - Summon Lightning Spire         Summoning/Air                4
   f - Summon Ice Beast               Ice/Summoning                4
Comestibles
 c - a bread ration
 h - 2 fruits
 k - a meat ration
 q - a royal jelly


   Skills:
 - Level 2.5 Dodging
 + Level 2.6 Stealth
 - Level 0.2 Unarmed Combat
 + Level 4.0 Spellcasting
 + Level 5.0 Summonings


You had 6 spell levels left.
You knew the following spells:

 Your Spells              Type           Power        Failure   Level  Hunger
a - Summon Small Mammal   Summ           ###.         1%          1    None
b - Call Canine Familiar  Summ           ###.....     4%          3    ###....


Dungeon Overview and Level Annotations

Branches:
Dungeon (7/15)
 Temple: D:4-7

Altars:

Annotations:
D:3 Sigmund


Message History

The sky beast hits you. The sky beast shocks you.
You slide downwards.
The hatch slams shut behind you. 2 sky beasts come into view.
Found a stone staircase leading down.
A bullfrog comes into view.
The sky beast barely misses you.
There is a stone staircase leading down here.
The sky beast hits you. The sky beast shocks you.
* * * LOW HITPOINT WARNING * * *
You climb downwards.
There is a stone staircase leading up here.
Casting: Summon Small Mammal
Confirm with . or Enter, or press ? or * to list all spells.
The sky beast barely misses you.
Casting: Summon Small Mammal
Confirm with . or Enter, or press ? or * to list all spells.
The sky beast flickers out of sight!
Deactivating autopickup; reactivate with Ctrl-A.
Something hits you.
You die...

####.####
.....r{@#
######.##
..r ####


You could see a friendly quokka and a friendly rat.

Vanquished Creatures
  A bat (D:1)
  A kobold (D:2)
2 creatures vanquished.

Vanquished Creatures (collateral kills)
  An adder (D:2)
  2 oozes
  2 dart slugs
  2 leopard geckos (D:1)
  4 orcs (D:3)
  A ball python (D:2)
  2 giant cockroaches
  4 hobgoblins
  4 jackals (D:1)
  5 bats
  2 frilled lizards
  4 goblins
  3 kobolds (D:1)
  6 rats
42 creatures vanquished.

Grand Total: 44 creatures vanquished

Notes
Turn   | Place    | Note
-------+----------+-------------------------------------------
     0 | D:1      | Jaijjee the Deep Elf Summoner began the quest for the Orb.
     0 | D:1      | Reached XP level 1. HP: 10/10 MP: 6/6
   137 | D:1      | Reached XP level 2. HP: 7/15 MP: 0/8
  1108 | D:2      | Reached XP level 3. HP: 10/19 MP: 6/10
  1301 | D:3      | Learned a level 3 spell: Call Canine Familiar
  1510 | D:3      | Reached skill level 5 in Summonings
  1645 | D:3      | Noticed Sigmund
  1827 | D:3      | You fall through a shaft for 2 floors!
  1827 | D:5      | Entered Level 5 of the Dungeon
  1827 | D:5      | Noticed a sky beast
  1835 | D:6      | Noticed a sky beast
  1835 | D:6      | Noticed a sky beast
  1836 | D:6      | Noticed a bullfrog
  1842 | D:7      | Slain by a sky beast

Skill      XL: |  1  2  3 |
---------------+----------+-----
Spellcasting   | 4 |  4.0
Summonings     | 5 |  5.0
Dodging        | |  2.5
Stealth        | |  2.6
Unarmed Combat | |  0.2

Action                   || total
-------------------------++-------
Melee: Unarmed           ||    29
 Cast: Summon Small Mamm ||    95
       Call Canine Famil ||     4
  Use: Scroll            ||     2
       Potion            ||     1
 Stab: Distracted        ||     1
  Eat: Fruit             ||     2
Armor: Robe              ||    11
Dodge: Dodged            ||    46
